AoeStats
← hieutacoma

Arabia

510478330Analyzed
4v4 RM · 1d ago on Oct 1, 2026· 44m 8s· 8 players
Game mode
Random Map
Map size
Large (8 player)
Population
200
Speed
Normal
Resources
Standard
Victory
Conquest
Starting age
Dark Age
Ending age
Imperial Age
RankedLock teamsTeams togetherTeam positionsShared explorationLock speedFull tech treeHidden civsTurbo modeCheats
Victory
Defeat
🇹🇼 Wei · Taiwan
887
+15
🇹🇼 Vietnamese · Taiwan
887
+15
🇹🇼 Varangians · Taiwan
878
+15
🇯🇵 Khmer · Japan
862
+16
🇺🇸 Franks · United States
938
-19
🇵🇪 Portuguese · Peru
898
-17
🇫🇷 Varangians · France
867
-15
🇺🇸 Mongols · United States
735
-10
maxoog93
2:34 Loom
13:22 Feudal Age
14:01 Horse Collar
14:09 Double-Bit Axe
24:35 Bloodlines
26:31 Castle Age
24:58 Forging
24:53 Scale Barding Armor
25:48 Bloodlines
25:32 Gold Mining
26:39 Stone Mining
27:52 Wheelbarrow
28:13 Heavy Plow
28:39 Caravan
30:04 Husbandry
29:44 Light Cavalry
thongvipusa1
0:43 Loom
13:25 Feudal Age
16:59 Double-Bit Axe
20:47 Wheelbarrow
28:57 Castle Age
27:29 Gold Mining
27:29 Stone Mining
28:05 Horse Collar
hieutacoma
0:47 Loom
12:14 Feudal Age
14:56 Double-Bit Axe
15:05 Gold Mining
15:15 Stone Mining
22:32 Castle Age
hlsg20002000
10:36 Feudal Age
12:05 Double-Bit Axe
25:22 Castle Age
26:55 Bow Saw
28:07 Wheelbarrow
28:00 Loom
34:33 Hand Cart
39:08 Circumnavigation
lesserpanda1300
2:33 Loom
13:34 Feudal Age
14:30 Horse Collar
14:39 Double-Bit Axe
21:30 Castle Age
22:36 Wheelbarrow
22:21 Stone Mining
22:24 Gold Mining
23:20 Bow Saw
23:13 Heavy Plow
23:53 Gold Shaft Mining
26:18 Bloodlines
28:06 Forging
27:47 Fletching
29:08 Scale Barding Armor
29:39 Iron Casting
29:53 Bodkin Arrow
31:21 Husbandry
35:45 Imperial Age
33:43 Chain Barding Armor
33:00 Light Cavalry
34:45 Hand Cart
34:41 Murder Holes
36:02 Ballistics
35:57 Fortified Wall
36:59 Conscription
37:17 Crop Rotation
37:14 Double Crossbow
38:01 Heavy Scorpion
41:38 Chemistry
41:42 Blast Furnace
40:44 Bracer
りしれ供さ小
6:51 Loom
9:53 Feudal Age
10:23 Double-Bit Axe
10:32 Horse Collar
20:53 Castle Age
19:48 Bloodlines
19:34 Gold Mining
20:26 Stone Mining
20:44 Scale Barding Armor
21:06 Fletching
21:26 Forging
21:48 Husbandry
23:25 Padded Archer Armor
24:16 Forging
27:57 Leather Archer Armor
28:50 Wheelbarrow
28:01 Town Watch
28:43 Bodkin Arrow
29:00 Light Cavalry
31:04 Chain Barding Armor
32:11 Ballistics
31:47 Murder Holes
31:33 Treadmill Crane
32:03 Masonry
32:31 Heavy Plow
33:59 Iron Casting
34:07 Scale Mail Armor
34:31 Hand Cart
35:21 Heated Shot
36:40 Sanctity
36:31 Fervor
37:19 Chain Mail Armor
38:06 Thumb Ring
39:55 Gold Shaft Mining
39:55 Stone Shaft Mining
39:33 Bow Saw
42:39 Imperial Age
40:11 Town Patrol
41:08 Tuntian
41:30 Devotion
41:30 Guard Tower
44:23 Blast Furnace
43:23 Bracer
43:54 Ring Archer Armor
43:09 Hussar
43:10 Heavy Hei Guang Cavalry
45:05 Parthian Tactics
沒讀書嘛
8:13 Loom
10:25 Feudal Age
14:25 Forging
20:27 Castle Age
21:19 Bloodlines
21:10 Husbandry
22:50 Double-Bit Axe
25:37 Bow Saw
26:36 Fletching
28:46 Bodkin Arrow
31:39 Padded Archer Armor
31:49 Thumb Ring
34:56 Ballistics
34:34 Horse Collar
36:46 Wheelbarrow
38:47 Treadmill Crane
39:37 Heavy Plow
43:14 Gold Mining
42:48 Crossbowman
43:53 Leather Archer Armor
44:35 Hand Cart
武安侯
9:41 Loom
11:26 Feudal Age
12:27 Double-Bit Axe
12:22 Man-at-Arms
15:08 Horse Collar
20:23 Castle Age
19:05 Forging
19:38 Scale Mail Armor
20:11 Gold Mining
23:21 Squires
26:15 Chain Mail Armor
27:39 Arson
30:36 Town Watch
31:21 Bow Saw
33:27 Heavy Plow
35:56 Iron Casting
36:26 Wheelbarrow
38:13 Hand Cart
42:05 Imperial Age
39:36 Town Patrol
41:05 Stone Mining
42:53 Elite Varangian Guard
43:21 Gambesons
44:39 Blast Furnace
44:10 Plate Mail Armor
Connection lost

Rejoining the realm…

Still unreachable

The connection could not be restored.

Session expired

The server has moved on; the page needs a fresh start.